Map: Prion Terraces

Players

Elroye - Winner!

  • Race: Zerg Zerg

PRIMELOT

  • Race: Protoss Protoss
  • League: Grandmaster

Event: DreamHack ZOWIE Open Leipzig

VOD

Have the link to the VOD?

Description

Time

  • Played on: Jan. 22, 2016, 8:17 a.m.
  • Length: 5:39

All games in this series

Show
View Real Time Build Order
Export as new Build Order

Elroye Zerg - Winner!

Build Orders: Hatch First 

Get SALT Encoding   

  12  0:00  Drone  
  13  0:12  Overlord  
  13  0:17  Drone  
  14  0:30  Drone x2  
  14  0:35  Drone  
  17  0:52  Drone  
  18  0:58  Drone  
  18  1:00  Hatchery  
  18  1:11  Drone  
  19  1:12  Extractor  
  18  1:18  Spawning Pool  
  18  1:19  Drone  
  18  1:27  Drone  
  19  1:40  Drone  
  20  1:49  Overlord  
  20  2:05  Queen  
  20  2:07  Drone  
  23  2:10  Drone  
  23  2:13  Zergling x2, Queen  
  27  2:16  Metabolic Boost  
  27  2:22  Zergling x2  
  28  2:24  Zergling x2  
  29  2:33  Drone  
  30  2:42  Hatchery  
  30  2:43  Zergling x4  
  31  2:52  Zergling x2  
  31  2:56  Evolution Chamber  
  31  2:57  Queen  
  33  3:02  Zergling x4  
  35  3:08  Zergling x4  
  34  3:18  Overlord x2  
  33  3:38  Zergling x12  
  33  3:40  Zergling x2  
  39  3:45  Zergling x2  
  36  3:53  Zergling x2  
  36  3:54  Zergling x2  
  35  4:02  Zergling x4  
  37  4:05  Zergling x4  
  40  4:10  Zergling x4  
  40  4:13  Zergling x2  
  42  4:18  Zergling x4  
  42  4:21  Zergling x2  
  44  4:29  Zergling x4  
  44  4:34  Zergling x6  
  46  4:39  Zergling x2  
  46  4:40  Zergling x6  
  49  4:57  Zergling x2  
  45  5:07  Zergling x6  
  45  5:08  Zergling x6  
  45  5:15  Overlord  
  45  5:18  Zergling x4  
Show
View Real Time Build Order
Export as new Build Order

PRIMELOT Protoss 

Build Orders: 1 Gate Expand 

Get SALT Encoding   

  12  0:01  Probe (Chrono Boost)  
  13  0:11  Probe (Chrono Boost)  
  14  0:19  Pylon  
  14  0:22  Probe (Chrono Boost)  
  15  0:37  Probe (Chrono Boost), Gateway  
  16  0:46  Assimilator  
  16  0:47  Probe (Chrono Boost)  
  17  0:58  Probe (Chrono Boost)  
  18  1:09  Probe (Chrono Boost)  
  19  1:25  Cybernetics Core  
  19  1:35  Nexus  
  19  1:38  Pylon  
  19  1:43  Probe (Chrono Boost)  
  20  2:02  Mothership Core (Chrono Boost), Adept (Chrono Boost)  
  24  2:11  Assimilator  
  24  2:18  Warp Gate  
  24  2:23  Probe  
  24  2:28  Adept (Chrono Boost)  
  27  2:35  Probe  
  28  2:40  Pylon  
  28  2:41  Pylon  
  28  2:42  Pylon  
  28  2:47  Probe  
  28  2:52  Probe, Adept (Chrono Boost)  
  31  3:04  Probe  
  31  3:11  Probe  
  33  3:14  Probe  
  33  3:15  Pylon  
  33  3:18  Adept (Chrono Boost)  
  33  3:21  Gateway  
  33  3:25  Probe  
  32  3:39  Pylon  
  31  3:41  Probe  
  31  3:42  Adept (Chrono Boost)  
  33  3:52  Probe (Chrono Boost)  
  30  3:57  Mothership Core (Chrono Boost)  
  31  4:04  Gateway  
  31  4:16  Probe (Chrono Boost)  
  33  4:17  Probe (Chrono Boost)  
  33  4:22  Adept  
  35  4:24  Adept  
  35  4:26  Probe (Chrono Boost)  
  35  4:28  Probe (Chrono Boost)  
  37  4:36  Stargate  
  37  4:37  Probe (Chrono Boost)  
  37  4:38  Probe (Chrono Boost)  
  38  4:46  Adept  
  38  4:47  Probe (Chrono Boost), Adept  
  40  5:03  Probe (Chrono Boost)  
  37  5:11  Adept  
  34  5:15  Zealot  
  34  5:17  Probe x2 (Chrono Boost)  
  32  5:25  Adept  
  30  5:29  Pylon  

Tags
 
Add a new tag
Caveats
  • Supply blocks, unpowered buildings, or Contaminate may cause inaccurate times.
  • Supply counts are checked every 10 seconds.